Map: Disco Bloodbath LE

Players

Ryosis

  • Race: Zerg Zerg
  • League: Grandmaster
  • Spawn Location: 9:00

MarineLorD - Winner!

  • Race: Terran Terran
  • League: Master
  • Spawn Location: 3:00

Event: NationWars 2019

VOD

Have the link to the VOD?

Description

Time

  • Played on: Oct. 10, 2019, 2:30 p.m.
  • Length: 7:38
Show
View Real Time Build Order
Export as new Build Order

Ryosis Zerg 

Build Orders: Hatch First 

Get SALT Encoding   

  12  0:00  Drone  
  13  0:12  Overlord  
  13  0:16  Drone  
  14  0:30  Drone x2  
  16  0:47  Hatchery  
  15  0:51  Drone  
  15  0:54  Drone  
  17  0:57  Drone  
  18  1:08  Extractor  
  17  1:13  Spawning Pool  
  17  1:15  Drone  
  17  1:19  Drone  
  18  1:27  Drone  
  19  1:38  Drone  
  20  1:49  Drone  
  21  2:00  Zergling x2, Queen x2  
  21  2:01  Zergling x2  
  27  2:15  Hatchery  
  26  2:17  Overlord  
  26  2:21  Drone  
  27  2:23  Drone  
  28  2:35  Spore Crawler, Drone x2  
  29  2:40  Drone  
  29  2:41  Pneumatized Carapace  
  29  2:42  Drone  
  32  2:47  Overlord  
  32  2:53  Queen  
  32  2:56  Drone  
  35  2:58  Drone  
  36  3:06  Drone  
  36  3:09  Metabolic Boost  
  36  3:10  Drone x2  
  39  3:13  Drone  
  39  3:16  Overlord  
  39  3:19  Drone x2  
  42  3:25  Drone  
  43  3:28  Queen  
  43  3:32  Queen  
  47  3:39  Zergling x4  
  47  3:40  Drone x2  
  51  3:48  Drone x2  
  52  3:49  Overlord  
  52  3:51  Drone x2  
  52  3:52  Drone  
  55  3:59  Overlord  
  55  4:04  Overlord  
  55  4:07  Queen  
  57  4:12  Overlord  
  57  4:18  Overlord  
  57  4:19  Drone x5  
  62  4:25  Overlord  
  62  4:31  Zergling x6  
  65  4:32  Queen  
  65  4:35  Zergling x2  
  68  4:43  Lair  
  68  4:44  Extractor  
  68  4:45  Spore Crawler, Extractor  
  65  4:46  Drone x3  
  65  4:47  Spore Crawler  
  65  4:48  Drone x3  
  71  4:52  Drone  
  71  4:53  Drone  
  71  4:58  Drone x2  
  72  5:04  Drone x3  
  74  5:14  Extractor  
  73  5:15  Extractor  
  73  5:16  Baneling Nest  
  73  5:18  Zergling x12  
  68  5:31  Drone x4  
  68  5:32  Drone  
  57  5:37  Drone x2  
  57  5:42  Drone  
  56  5:45  Drone  
  56  5:52  Drone x2  
  56  5:55  Drone x2  
  60  5:57  Drone x2  
  60  6:02  Drone x2, Hatchery  
  63  6:09  Drone x2  
  63  6:10  Drone, Evolution Chamber  
  63  6:11  Drone, Hatchery, Evolution Chamber  
  64  6:13  Centrifical Hooks  
  64  6:16  Drone  
  64  6:17  Drone  
  66  6:21  Drone x3  
  66  6:24  Drone x3  
  72  6:27  Drone  
  72  6:29  Drone  
  72  6:31  Drone x2  
  76  6:34  Drone  
  76  6:36  Drone x2  
  79  6:48  Zergling x18  
  88  6:54  Overlord  
  88  6:59  Zergling x4  
  89  7:06  Overlord x2  
  89  7:08  Overlord  
  91  7:16  Hatchery  
  91  7:18  Overlord  
  91  7:20  Zergling x2, Hatchery  
  91  7:21  Zergling x14  
Show
View Real Time Build Order
Export as new Build Order

MarineLorD Terran - Winner!

Build Orders: Liberator Opening, Reaper Expand 

Get SALT Encoding   

  12  0:00  SCV  
  13  0:12  SCV  
  14  0:17  Supply Depot  
  14  0:24  SCV  
  15  0:38  SCV  
  15  0:39  Barracks  
  16  0:43  Refinery  
  16  0:50  SCV  
  17  1:03  SCV  
  18  1:15  SCV  
  19  1:26  Reaper  
  19  1:27  Orbital Command  
  20  1:39  Command Center  
  20  1:47  Supply Depot  
  20  1:52  SCV  
  21  1:58  Marine  
  22  2:05  SCV  
  23  2:10  Factory  
  23  2:14  Refinery  
  23  2:17  SCV  
  23  2:20  Barracks Reactor  
  24  2:29  SCV  
  25  2:41  SCV  
  26  2:51  Orbital Command  
  26  2:53  SCV  
  27  3:00  Starport  
  27  3:02  Hellion x2  
  27  3:04  Barracks Tech Lab  
  27  3:05  SCV  
  32  3:17  SCV  
  32  3:18  SCV  
  34  3:20  Liberator  
  34  3:22  Marine  
  34  3:23  Hellion x2  
  39  3:29  SCV  
  39  3:30  Supply Depot  
  39  3:31  SCV  
  41  3:34  Supply Depot  
  41  3:40  Marine  
  45  3:41  SCV  
  46  3:52  Stimpack, SCV  
  46  3:53  SCV  
  48  4:02  Hellion x2  
  52  4:04  SCV, Marine  
  52  4:06  SCV  
  55  4:11  Supply Depot  
  55  4:16  SCV  
  56  4:18  SCV  
  57  4:26  Command Center  
  57  4:28  SCV  
  57  4:30  SCV  
  59  4:39  Starport Reactor  
  59  4:40  Marine  
  59  4:41  Barracks  
  59  4:42  Barracks  
  59  4:43  SCV  
  61  4:45  SCV  
  61  4:46  Supply Depot  
  62  4:55  SCV  
  62  4:58  SCV, Marine  
  65  5:07  Engineering Bay, SCV  
  65  5:08  Refinery  
  65  5:09  Engineering Bay  
  65  5:10  SCV, Refinery  
  67  5:15  Factory Tech Lab  
  67  5:16  Marine  
  67  5:19  SCV  
  69  5:22  SCV  
  68  5:31  SCV  
  68  5:34  Barracks x2, SCV  
  70  5:36  Marine  
  70  5:39  Marine  
  62  5:43  Orbital Command  
  62  5:44  SCV  
  62  5:46  SCV  
  62  5:47  Supply Depot  
  60  5:50  Starport Reactor  
  60  5:53  Marine x3  
  60  5:56  SCV  
  60  5:57  Siege Tank  
  67  5:58  Combat Shield  
  67  6:01  SCV  
  67  6:03  Marine x2  
  70  6:08  Orbital Command  
  70  6:11  Marine x2  
  72  6:13  Supply Depot  
  72  6:15  SCV x2, Supply Depot  
  74  6:22  Barracks Reactor x2  
  74  6:27  SCV x2  
  74  6:28  Medivac  
  74  6:29  Siege Tank, Medivac  
  74  6:31  Marine  
  84  6:33  Marine  
  84  6:35  Marine x2  
  84  6:36  Marine  
  84  6:38  Armory  
  84  6:39  SCV  
  89  6:40  SCV  
  89  6:42  SCV  
  91  6:49  Marine  
  91  6:50  Marine  
  91  6:53  Marine x2  
  91  6:54  Marine  
  96  6:55  Supply Depot  
  96  6:56  Supply Depot  
  96  6:57  Supply Depot  
  96  6:58  Medivac  
  96  6:59  Medivac  
  96  7:01  Marine x4  
  102  7:05  Refinery  
  102  7:06  Marine  
  105  7:08  Marine  
  105  7:09  SCV x3  
  105  7:10  Marine x2  
  111  7:16  Marine  
  111  7:18  Marine  
  111  7:19  Factory, Marine x2  
  111  7:21  SCV x2, Factory Reactor  
  111  7:22  SCV  
Tags
 
Add a new tag
Caveats
  • Supply blocks, unpowered buildings, or Contaminate may cause inaccurate times.
  • Supply counts are checked every 10 seconds.